[Event "Late-Titled-Tuesday-Blitz-June-18-2024"]
[Site "Chess.com"]
[Date "2024.06.18"]
[Round "9"]
[White "ChessWarrior7197"]
[Black "pouya21"]
[Result "1/2-1/2"]
[WhiteElo "3146"]
[BlackElo "2828"]
[TimeControl "180+1"]
[EndTime "15:46:51 PDT"]
[Termination "Game drawn by stalemate"]

1. a3 Nf6 2. Nf3 d5 3. d4 e6 4.
e3 c5 5. dxc5 Bxc5 6. b4 Be7 7.
Bb2 O-O 8. c4 dxc4 9. Qxd8 Rxd8 10. Bxc4 b6 11. Nbd2 Bb7 12. Ke2 a5 13. b5 Nbd7 14.
Bd4 Bc5 15. Nb3 Bxd4 16. Nbxd4 Rac8 17. Rhc1 Ne4 18. Rc2 Rc5 19. Rac1 Nd6 20. Bd3 Rdc8 21. Rxc5 bxc5 22. Nc6 Bxc6 23. bxc6 Rxc6 24. Nd2 Rb6 25. Rc2 Kf8 26. h4 h6 27. g4 Ke7 28.
f4 Rb8 29. h5 Rc8 30. Kf3 Nb6 31.
Rb2 Rb8 32. Rc2 Na4 33. Ne4 Nxe4 34. Bxe4 Rb3 35. Bc6 Rxa3 36. Bxa4 Rxa4 37. Rxc5 Ra1 38. Rc7+ Kf6 39. e4 Ra3+ 40. Ke2 e5 41. g5+ hxg5 42. Rc6+ Ke7 43. fxg5 Rg3 44. Rc7+ Ke6 45. g6 fxg6 46. Rxg7 Kf6 47. Rg8 Rg4 48. hxg6 Rxg6 49. Ra8 Rg2+ 50. Kf3 Ra2 51. Kg4 Rg2+ 52. Kh5 Re2 53. Ra6+ Ke7 54. Kg5 Rxe4 55. Kf5 Re1 56. Rxa5 Kd6 57. Kg4 Rf1 58. Kg3 Ke6 59. Kg2 Rf4 60. Ra1 Kf5 61. Rf1 Kg4 62. Rxf4+ Kxf4 63. Kf2 Ke4 64. Ke2 Kd4 65.
Kd2 e4 66. Ke2 e3 67. Ke1 Ke4 68. Ke2 Kd4 69. Ke1 Kd3 70. Kd1 e2+ 71. Ke1 Ke3 1/2-1/2

[Event "Late-Titled-Tuesday-Blitz-June-18-2024"]
[Site "Chess.com"]
[Date "2024.06.18"]
[Round "9"]
[White "Good_Knight_Kiss"]
[Black "Oleg_Papayan"]
[Result "0-1"]
[WhiteElo "2382"]
[BlackElo "2523"]
[TimeControl "180+1"]
[EndTime "15:46:51 PDT"]
[Termination "Oleg_Papayan won on time"]

1. e4 d5 2. exd5 Qxd5 3. Nc3 Qd8 4. d4 c6 5. Nf3 Bf5 6. Ne5 h5 7. Bc4 e6 8. Be3 Nf6 9. a3 Nbd7 10. Qe2 Qa5 11. Nxd7 Kxd7 12. O-O Bd6 13. b4 Qc7 14.
h3 h4 15. Bg5 Nh7 16. Bxh4 g5 17. Bg3 Bxg3 18. fxg3 Qxg3 19. Ne4 Qc7 20. Nc5+ Kc8 21. Bd3 b6 22. Bxf5 exf5 23. Nd3 Nf6 24. Rxf5 Qd6 25. Qe5 Qxe5 26. dxe5 Nd5 27. Rxf7 a5 28. b5 cxb5 29. Rg7 Ne3 30. Re1 Nc4 31. Rf1 Re8 32. Rff7 Nxa3 33. Rc7+ Kb8 34. Rb7+ Kc8 35. Rxb6 Rb8 36. Rc6+ Kd8 37. Rd6+ Kc8 38. e6 Nc4 39. Rc6+ Kd8 40. Nc5 Ne5 41. Rd6+ Kc8 42. Rd5 Nc6 43. Rdxg5 a4 44. Rg3 Nd4 45. h4 Rb6 46. Rd3 Nxe6 47. Nxe6 Rexe6 48. h5 b4 49. g4 b3 50. cxb3 axb3 51.
g5 b2 52. Rd1 b1=Q 53. Rxb1 Rxb1+ 54. Kg2 Rb3 55. h6 Rc6 56. Rf7 Rc2+ 57. Rf2 Rxf2+ 58. Kxf2 Rh3 59. Kg2 Rh5 60. Kf3 Rxg5 61. Kf4 Rg6 62.
Kf5 Rxh6 0-1

[Event "Late-Titled-Tuesday-Blitz-June-18-2024"]
[Site "Chess.com"]
[Date "2024.06.18"]
[Round "9"]
[White "safikiet"]
[Black "lamomiajunior"]
[Result "0-1"]
[WhiteElo "2455"]
[BlackElo "2679"]
[TimeControl "180+1"]
[EndTime "15:46:55 PDT"]
[Termination "lamomiajunior won by resignation"]

1. e4 g6 2. d4 Bg7 3. Nc3 c6 4. Be3 d5 5. Nf3 Bg4 6. h3 Bxf3 7. Qxf3 e6 8. g4 Ne7 9. O-O-O Nd7 10. Qg3 Nb6 11.
f4 dxe4 12. Nxe4 Qd5 13. Nc3 Qxh1 14. Bg2 Qxd1+ 15. Kxd1 O-O-O 16. Ne4 Bxd4 17. Bxd4 Rxd4+ 18. Ke2 Rhd8 19. c3 R4d5 20. Qe3 Rb5 21. b3 Rbd5 22.
Ng5 Rd2+ 23. Qxd2 Rxd2+ 24. Kxd2 Nbd5 25. Nxf7 Nxf4 26. Bf1 Kd7 27. c4 e5 28. Nxe5+ Ke6 29. Nf3 h6 30. Ke3 g5 31. h4 Kf6 32. hxg5+ hxg5 33. Nd4 Neg6 34. Nf5 Ne5 35. Nd6 Nxg4+ 36. Kd4 b6 37. Nc8 c5+ 38. Kc3 Ne3 39. Bd3 g4 40. Be4 Ke5 41. Bh1 g3 42. Nxa7 Kd6 43. Nc8+ Kc7 44. Nxb6 Kxb6 45. b4 cxb4+ 46. Kxb4 Nd3+ 47. Kc3 Nf2 48. Bf3 Kc5 49. a4 Nxc4 50. a5 Nxa5 51. Kd2 Kd4 52. Ke2 Nc4 53. Kf1 Ne5 54. Ba8 Ke3 55.
Kg2 Kf4 56. Bb7 Neg4 57. Ba8 Ne3+ 58. Kg1 Ne4 59. Bb7 Nc3 60. Ba8 Ne2+ 61. Kh1 Nd4 62.
Bb7 Nf3 63. Bxf3 Kxf3 64. Kg1 g2 0-1

[Event "Late-Titled-Tuesday-Blitz-June-18-2024"]
[Site "Chess.com"]
[Date "2024.06.18"]
[Round "9"]
[White "HalfIsCrayfish"]
[Black "MarceloPlaya"]
[Result "1-0"]
[WhiteElo "2566"]
[BlackElo "2417"]
[TimeControl "180+1"]
[EndTime "15:46:56 PDT"]
[Termination "HalfIsCrayfish won on time"]

1. d4 e6 2. c4 Nf6 3. Nc3 Bb4 4. Nf3 O-O 5. Bg5 d5 6. e3 c6 7. Rc1 Nbd7 8. Bd3 h6 9. Bh4 Qa5 10. O-O dxc4 11. Bxc4 Qh5 12. Bg3 Bxc3 13. bxc3 Ne4 14.
Nd2 Nxg3 15. hxg3 Qxd1 16. Rfxd1 e5 17. Bb3 exd4 18. cxd4 Nf6 19. Nc4 Be6 20. Na5 Bxb3 21. Nxb3 Rfe8 22. Nc5 Re7 23. Rc2 Ne4 24. Nxe4 Rxe4 25.
Rb1 Re7 26. Rb3 Rd8 27. f3 Rdd7 28. Kf2 g6 29. g4 Kg7 30. Rd3 Kf6 31. e4 Kg5 32.
Kg3 Kf6 33. Kf2 Re8 34. Ke3 Red8 35. f4 Ke6 36. Rc5 Rd6 37. f5+ Ke7 38. e5 Rd5 39. Rxd5 Rxd5 40. Rb3 b6 41. Ke4 Ra5 42. Rc3 Kd7 43.
e6+ fxe6 44. fxg6 Rg5 45. Rh3 Rxg4+ 46. Ke5 Rxg6 47. g3 Ke7 48. a4 Rg5+ 49. Ke4 h5 50. Kf4 Ra5 51. Ke4 Kd6 52. Ke3 Rxa4 53. Rxh5 Ra3+ 54.
Kf4 Rd3 55. Rh8 Rxd4+ 56. Kf3 Kc5 57. g4 Rd1 58. Rh3 a5 59. g5 a4 60. g6 1-0

[Event "Late-Titled-Tuesday-Blitz-June-18-2024"]
[Site "Chess.com"]
[Date "2024.06.18"]
[Round "9"]
[White "topin8"]
[Black "Nicolik"]
[Result "1-0"]
[WhiteElo "2544"]
[BlackElo "2626"]
[TimeControl "180+1"]
[EndTime "15:46:57 PDT"]
[Termination "topin8 won by checkmate"]

1. e4 c5 2. Nf3 Nc6 3. Bb5 g6 4. O-O Bg7 5. Re1 Nf6 6. e5 Nd5 7.
Nc3 Nc7 8. Bxc6 dxc6 9. Ne4 Ne6 10.
d3 h6 11. Be3 b6 12. Qd2 Nd4 13. Bxd4 cxd4 14. h3 a5 15. a4 c5 16. b3 Ra7 17.
Qf4 O-O 18. Qg3 Kh7 19. Nfd2 Be6 20. f4 Bd5 21. Re2 f5 22. exf6 exf6 23. Rae1 Re7 24. Ng5+ fxg5 25. Rxe7 Rxf4 26. Ra7 Kg8 27. Ree7 Bf7 28.
Ne4 Qd5 29. Rad7 Qc6 30. Rc7 Qd5 31. Rcd7 Qc6 32. Rd6 Qc8 33. Rxb6 Qd8 34. Rbb7 Bf8 35. Qxf4 Bxe7 36. Qe5 Qf8 37. Rb8 Be8 38. Rb7 Bd8 39. Qd5+ Bf7 40. Rxf7 Qxf7 41. Qxd8+ Kg7 42. Qd6 g4 43.
Qe5+ Kg8 44. hxg4 c4 45. bxc4 h5 46. gxh5 gxh5 47. Qd5 h4 48. Qxf7+ Kxf7 49. Kf2 Ke7 50. Ng5 Kd6 51. Nf3 Kc5 52. Nxh4 Kb4 53. Nf3 Kxa4 54.
Nxd4 Kb4 55. Nb3 a4 56. Nc1 Kc3 57. c5 Kb2 58. c6 Kxc1 59. c7 a3 60. c8=Q a2 61.
Qa8 Kb2 62. c4 a1=Q 63. Qxa1+ Kxa1 64. c5 Kb2 65. c6 Kc3 66. c7 Kxd3 67. c8=Q Ke4 68.
Qc3 Kd5 69. Ke3 Ke6 70. Kf4 Kd7 71. Ke5 Kd8 72. Ke6 Ke8 73. Qc8# 1-0

[Event "Late-Titled-Tuesday-Blitz-June-18-2024"]
[Site "Chess.com"]
[Date "2024.06.18"]
[Round "9"]
[White "nochewycandy"]
[Black "ansko1999"]
[Result "1/2-1/2"]
[WhiteElo "2777"]
[BlackElo "2608"]
[TimeControl "180+1"]
[EndTime "15:47:03 PDT"]
[Termination "Game drawn - timeout vs insufficient material"]

1. d4 d5 2. Nc3 c5 3. e4 cxd4 4. Qxd4 dxe4 5. Qxd8+ Kxd8 6. Bf4 e5 7. O-O-O+ Bd7 8.
Bxe5 Nc6 9. Bg3 Nf6 10. Bh4 Be7 11. Bb5 Kc7 12. Bxf6 Bxf6 13. Nxe4 Be7 14. Nf3 a6 15. Bc4 Bg4 16. Bxf7 Rhf8 17. Bd5 Rxf3 18. gxf3 Bxf3 19. Nc3 Bxd1 20. Rxd1 Rd8 21. Bxc6 Bg5+ 22. Kb1 Rxd1+ 23. Nxd1 Kxc6 24. c3 Kd5 25. f3 Ke5 26. Nf2 Bh4 27.
Nd3+ Kf5 28. Kc2 g5 29. Kd2 g4 30. Ke2 g3 31. hxg3 Bxg3 32. Nc5 h5 33. Nxb7 h4 34. Nc5 h3 35. Ne4 Kf4 36. Nf2 h2 37. Nh1 Bh4 38. b4 Bf6 39. c4 Bc3 40. b5 axb5 41.
cxb5 Ba5 42. a4 Bb6 43. a5 Bxa5 44. Kf2 Bb6+ 45. Kg2 Ke5 46. Kxh2 Kd5 47. Kg3 Kc5 48. Kf4 Kxb5 49. Ke5 Kc6 50. Ke6 Bc7 51. Nf2 Bh2 52. Ng4 Bg3 53. Ne5+ Kc5 54. Ng6 Kd4 55. Kf5 Ke3 56.
Kg4 Bh2 57. Nh4 Bb8 58. Nf5+ Kf2 59. Ne7 Bc7 60. Nd5 Bd6 61. Nc3 Bb8 62. Ne4+ Ke3 63. Nf6 Kd4 64. Nh5 Bh2 65. Nf4 Ke5 66. Ne2 Kf6 67.
Ng3 Bxg3 1/2-1/2

[Event "Late-Titled-Tuesday-Blitz-June-18-2024"]
[Site "Chess.com"]
[Date "2024.06.18"]
[Round "9"]
[White "divudis17"]
[Black "AlexanderMatlak"]
[Result "0-1"]
[WhiteElo "2331"]
[BlackElo "2449"]
[TimeControl "180+1"]
[EndTime "15:47:04 PDT"]
[Termination "AlexanderMatlak won by checkmate"]

1. Nf3 Nf6 2. c4 c5 3. Nc3 b6 4. e3 g6 5. d4 Bg7 6. d5 O-O 7. Be2 d6 8. O-O e6 9. a4 exd5 10.
cxd5 Na6 11. Nd2 Nb4 12. e4 Re8 13. f3 Nh5 14. Nc4 Ba6 15. Be3 f5 16. Qd2 Qe7 17.
Bg5 Bd4+ 18. Kh1 Qd7 19. Rae1 Bxc4 20. Bxc4 a6 21. Na2 Nxa2 22. Bxa2 fxe4 23. fxe4 b5 24. a5 Qg7 25. Re2 Nf6 26. Bb1 Ng4 27. h3 Ne5 28.
Bf6 Qd7 29. Bc2 Rf8 30. Ree1 Rae8 31. Bd1 h5 32. Qh6 Qh7 33. Qg5 Rf7 34. Bxe5 Bxe5 35. Be2 Ref8 36. Rxf7 Rxf7 37. Rf1 Rxf1+ 38. Bxf1 Qf7 39.
Be2 Bxb2 40. Bf3 Be5 41. Qd8+ Kg7 42. Qc8 Qf4 43. Kg1 Bd4+ 44. Kf1 Qc1+ 45. Ke2 Qc2+ 46. Ke1 Bc3+ 47. Kf1 Qd3+ 48. Kf2 Bd4+ 49. Ke1 Qc3+ 50.
Kd1 Qxa5 51. Qd7+ Kh6 52. Qxd6 Qa1+ 53. Ke2 Qb2+ 54. Kd1 Be3 55. Qf8+ Qg7 56. Qd6 Qd4+ 57. Kc2 Qc4+ 58. Kd1 Qd4+ 59. Kc2 Qc4+ 60. Kb1 Qb3+ 61.
Ka1 Bd4# 0-1

[Event "Late-Titled-Tuesday-Blitz-June-18-2024"]
[Site "Chess.com"]
[Date "2024.06.18"]
[Round "9"]
[White "Bauman_Guy"]
[Black "Jospem"]
[Result "1-0"]
[WhiteElo "2934"]
[BlackElo "3048"]
[TimeControl "180+1"]
[EndTime "15:47:08 PDT"]
[Termination "Bauman_Guy won on time"]

1. e4 c5 2. Nf3 d6 3. d4 cxd4 4. Nxd4 Nf6 5. Nc3 a6 6. h3 Nc6 7. g3 Bd7 8. Bg2 g6 9. O-O Bg7 10. Be3 O-O 11. Nd5 Rc8 12. c3 Ne5 13. Re1 e6 14. Nxf6+ Bxf6 15. Qe2 Nc4 16. Bh6 Re8 17. Rad1 b5 18. b3 Nb6 19. Rd3 Qc7 20. h4 Be7 21. h5 e5 22. Nc2 Be6 23. Ne3 Nd7 24. Red1 Nf6 25. Bf3 Qc6 26. Bg5 Nxe4 27. Bxe7 Rxe7 28. Rxd6 Nxc3 29. Qd2 Qxf3 30. Rd8+ Re8 31. Rxe8+ Rxe8 32. Qxc3 Qxh5 33. Rd6 Rc8 34. Qd2 Qf3 35. Rxa6 h5 36.
Rd6 Re8 37. a4 bxa4 38. bxa4 Qa8 39. a5 Kh7 40. a6 Qa7 41. Kh2 h4 42. gxh4 Qe7 43.
Kg3 Ra8 44. Nd5 Qf8 45. Nf6+ Kg7 46. Ne4 Qe7 47. Ng5 Qf6 48. Nxe6+ fxe6 49. Rd7+ Kg8 50. a7 Rf8 51. Qe3 e4 52. Kg2 Qf5 53. Qg3 e3 54. Qxe3 Qg4+ 55. Qg3 Qe4+ 56. Kh2 e5 57. Re7 Rf3 58.
Re8+ Kf7 59. a8=Q Rxg3 60. Qxe4 Rh3+ 61. Kxh3 Kxe8 62. Qxe5+ Kf7 63. Kg4 g5 64. Kxg5 Kf8 65. Qc7 Ke8 66. Kf6 1-0

[Event "Late-Titled-Tuesday-Blitz-June-18-2024"]
[Site "Chess.com"]
[Date "2024.06.18"]
[Round "9"]
[White "zverr1"]
[Black "pirulillo"]
[Result "1/2-1/2"]
[WhiteElo "2540"]
[BlackElo "2415"]
[TimeControl "180+1"]
[EndTime "15:47:12 PDT"]
[Termination "Game drawn - insufficient material"]

1. e4 c5 2. Nf3 e6 3. b3 Nc6 4.
Bb2 d6 5. g3 Nf6 6. Qe2 Be7 7.
Bg2 O-O 8. O-O Bd7 9. d4 cxd4 10. Nxd4 Nxd4 11. Bxd4 Bc6 12. c4 a6 13. e5 Bxg2 14. Kxg2 dxe5 15. Bxe5 Qd7 16. Qf3 b5 17. Rd1 Qc8 18.
Nd2 Rd8 19. Ne4 Nxe4 20. Qxe4 bxc4 21. Rxd8+ Bxd8 22. bxc4 f5 23. Qd4 Qc6+ 24. Kg1 Bb6 25. Qc3 Rc8 26. Rc1 Qc5 27. Rc2 Ba5 28. Qd4 Qxd4 29. Bxd4 Kf7 30. f4 Rd8 31. Be3 Rd3 32.
Kf2 Ke7 33. c5 Kd7 34. c6+ Kc7 35. Ke2 Rd5 36. Bc1 Rd6 37. Bb2 Rxc6 38. Rxc6+ Kxc6 39. Bxg7 Kd5 40. Kd3 Bb6 41. h3 Bf2 42. g4 fxg4 43. hxg4 Bg3 44. Be5 Bh4 45. Bb8 Bg3 46. Be5 Be1 47. Bb8 Ba5 48. Be5 Bd8 49. Bb8 Bf6 50.
Ke3 e5 51. g5 exf4+ 52. Kxf4 Bg7 53. Kf5 a5 54. a4 Kc4 55. Be5 Bxe5 56. Kxe5 Kb4 57.
Kf6 Kxa4 58. Kg7 Kb5 59. Kxh7 a4 60. g6 a3 61. g7 a2 62. g8=Q a1=Q 63. Qe8+ Kc4 64.
Qe6+ Kd3 65. Qf5+ Kd2 66. Qf2+ Kc1 67. Qe1+ Kb2 68. Qd2+ Kb1 69. Kg6 Qb2 70. Qd1+ Ka2 71. Qa4+ Qa3 72. Qc2+ Qb2 73. Qc4+ Qb3 74. Qxb3+ Kxb3 1/2-1/2

[Event "Late-Titled-Tuesday-Blitz-June-18-2024"]
[Site "Chess.com"]
[Date "2024.06.18"]
[Round "9"]
[White "Msb2"]
[Black "AlexeiShirov"]
[Result "1-0"]
[WhiteElo "3081"]
[BlackElo "2873"]
[TimeControl "180+1"]
[EndTime "15:47:15 PDT"]
[Termination "Msb2 won on time"]

1. d4 d5 2. c4 e6 3. Nc3 c6 4. Nf3 Nf6 5. Qc2 dxc4 6. e4 b5 7. Be2 Bb7 8. O-O Be7 9. Rb1 a6 10. b3 cxb3 11. Rxb3 c5 12. dxc5 Nbd7 13. e5 Nd5 14.
Ne4 Rc8 15. Bg5 Nxc5 16. Nd6+ Kf8 17. Nxc8 Qxc8 18. Rc1 f6 19. exf6 gxf6 20. Bh6+ Kf7 21. Qd2 Rg8 22. Rbb1 Qd7 23. Rxc5 Bxc5 24. Qc2 Rg6 25.
Qxc5 Rxh6 26. a4 Qc7 27. Qxc7+ Nxc7 28. axb5 Nxb5 29. Bxb5 axb5 30. Nd4 Bd5 31. Rxb5 Rh4 32. Rb4 Re4 33. f3 Re1+ 34. Kf2 Rh1 35. Kg3 Kg6 36. Ne2 Re1 37. Nf4+ Kh6 38. Rb6 Kg7 39. Rd6 Re5 40. h4 Rf5 41. Rd7+ Kh6 42. Nh3 Re5 43. Kf2 Rf5 44. Rf7 Rh5 45. g4 Rxh4 46. Kg3 Rxh3+ 47. Kxh3 Kg6 48. Rc7 Bxf3 49. Kg3 Bd5 50. Kf4 h5 51.
gxh5+ Kxh5 52. Rg7 Kh6 53. Rg1 Kh7 54. Ke3 Kh6 55. Kd4 Kh7 56. Kc5 Kh6 57. Kd6 Kh7 58. Ke7 f5 59. Kf6 f4 60. Rg7+ Kh6 61. Rg4 Kh5 62.
Rxf4 Bb3 63. Rd4 Bd5 64. Rb4 Ba2 65. Ra4 Bd5 66. Rd4 Bb3 67. Rd3 Bd5 68. Rg3 Kh4 69.
Rg5 Kh3 70. Rg7 Kh4 71. Ke5 Kh3 72. Kf4 Bc4 73. Rg3+ 1-0

[Event "Late-Titled-Tuesday-Blitz-June-18-2024"]
[Site "Chess.com"]
[Date "2024.06.18"]
[Round "9"]
[White "HansOnTwitch"]
[Black "DenLaz"]
[Result "0-1"]
[WhiteElo "3138"]
[BlackElo "3126"]
[TimeControl "180+1"]
[EndTime "15:47:16 PDT"]
[Termination "DenLaz won by resignation"]

1. e4 e5 2. Nf3 Nc6 3. Bc4 Bc5 4. d3 Nf6 5. O-O O-O 6. Nbd2 d6 7. c3 a6 8. a4 Ba7 9. h3 h6 10. Re1 Re8 11.
b4 Be6 12. Bxe6 Rxe6 13. Qc2 Qd7 14. Rb1 b5 15. Ra1 Rae8 16. Nb3 Bb6 17. a5 Ba7 18. Be3 Bxe3 19. Rxe3 Nh5 20. Kh2 R6e7 21. d4 Nf4 22. d5 Nd8 23. c4 c6 24. cxb5 cxb5 25. Rc1 f5 26. Nh4 fxe4 27. Qxe4 Rf7 28. Rec3 Qa7 29.
R1c2 Ref8 30. Rd2 Rf6 31. g3 Nh5 32. Nf3 Nf7 33. h4 Qd7 34. Rdc2 Nh8 35. Nbd2 Nf4 36. gxf4 Rxf4 37. Qe1 Ng6 38. Qg1 Qf5 39. Rc7 Rg4 40.
Qf1 Nxh4 41. Qh3 Nxf3+ 42. Nxf3 Qf4+ 43. Kh1 Qxf3+ 44. Qxf3 Rxf3 45. Kh2 Rf5 46. R2c3 Rh5+ 47. Rh3 Rxh3+ 48. Kxh3 Rxb4 49. Rc6 Ra4 50. Rxa6 Kf7 51. Rxd6 Rxa5 52. Rd7+ Kf6 53. Rd6+ Kf5 54. Rb6 b4 55. Rxb4 Rxd5 56. Rb7 g5 57. Kg3 h5 58. Rf7+ Kg6 59.
Ra7 Rd3+ 60. Kg2 h4 61. Ra5 Kf5 62. Ra8 h3+ 63. Kh2 g4 64. Rf8+ Ke4 65. Rg8 Kf3 66.
Rf8+ Ke2 67. Rf5 e4 68. Rf4 g3+ 69. fxg3 e3 70. Kxh3 Kd2 71. Rf1 e2 72. Rh1 e1=Q 73. Rxe1 Kxe1 74. Kh4 Kf2 75. g4 Kf3 76. g5 Kf4 77. g6 Rg3 78. Kh5 Kf5 0-1

[Event "Late-Titled-Tuesday-Blitz-June-18-2024"]
[Site "Chess.com"]
[Date "2024.06.18"]
[Round "9"]
[White "MagnusCarlsen"]
[Black "SchmakAttack"]
[Result "1/2-1/2"]
[WhiteElo "3175"]
[BlackElo "2837"]
[TimeControl "180+1"]
[EndTime "15:47:20 PDT"]
[Termination "Game drawn - insufficient material"]

1. e4 e6 2. g3 d5 3. Bg2 Nc6 4. Nc3 d4 5. Nce2 e5 6. d3 f5 7. Nf3 Nf6 8. O-O fxe4 9. dxe4 Be7 10. Bg5 Bg4 11. h3 Be6 12. c3 d3 13. Nc1 Nxe4 14.
Bxe7 Qxe7 15. Re1 Nxf2 16. Kxf2 Qc5+ 17. Kf1 O-O-O 18. Nb3 Qb6 19. Qd2 Rhf8 20. Rad1 Bd5 21. Qe3 e4 22. Kf2 exf3 23. Bf1 Bc4 24. Qxb6 axb6 25.
Nd2 Bxa2 26. Re3 Bf7 27. Nxf3 Bd5 28. Rdxd3 Bxf3 29. Rxf3 Ne5 30. Rxd8+ Rxd8 31. Re3 Rf8+ 32. Kg2 Nc6 33. Bd3 g6 34. h4 Kd7 35. g4 Re8 36. Rxe8 Kxe8 37. Kg3 Ke7 38. Kf4 Kf6 39. Be4 Nd8 40.
g5+ Ke7 41. Kg4 c6 42. h5 Kf7 43. Bd3 Ne6 44. h6 b5 45. b4 Nc7 46. Kf4 Nd5+ 47. Ke5 Nxc3 48. Bc2 Nd5 49. Bb3 Ke7 50. Ba2 b6 51.
Bb3 Nxb4 52. Bg8 Nd3+ 53. Kd4 Nc5 54. Ke5 b4 55. Bxh7 Ne6 56. Bxg6 Nxg5 57. Kf5 Nf7 58. h7 Nh8 59. Kg5 b3 60. Bd3 Kf7 61. Kf5 Kg7 62. Ke6 Nf7 63. h8=R Nxh8 64. Kd6 c5 65. Kc6 b2 66.
Kxb6 c4 67. Bb1 Nf7 68. Kc5 Ne5 69. Kd4 Kf6 70. Kc3 Ke6 71. Kxb2 Kd5 72. Ba2 Kd4 73. Bxc4 1/2-1/2

[Event "Late-Titled-Tuesday-Blitz-June-18-2024"]
[Site "Chess.com"]
[Date "2024.06.18"]
[Round "9"]
[White "HajiyevKanan"]
[Black "Goryachkina"]
[Result "0-1"]
[WhiteElo "2558"]
[BlackElo "2679"]
[TimeControl "180+1"]
[EndTime "15:47:27 PDT"]
[Termination "Goryachkina won by checkmate"]

1. d4 Nf6 2. Nf3 d5 3. c4 e6 4.
cxd5 exd5 5. Nc3 c6 6. Qc2 g6 7. Bg5 Bg7 8. e3 Bf5 9. Bd3 Bxd3 10.
Qxd3 O-O 11. O-O Nbd7 12. Rab1 a5 13. Qc2 Re8 14. a3 h6 15. Bh4 Qe7 16. Rfc1 Qe6 17. Ne2 Ne4 18. Nf4 Qd6 19. Bg3 Nxg3 20. hxg3 Nf6 21.
Qc5 Qxc5 22. Rxc5 a4 23. Nd2 Bf8 24. Rc3 Bd6 25. Nd3 Nd7 26. b4 axb3 27. Rcxb3 b5 28. Rc1 Rec8 29. Nb4 Bxb4 30. axb4 Nb6 31. e4 Nc4 32.
Nxc4 dxc4 33. Rb2 Rd8 34. Rd1 Ra3 35. f3 Rd3 36. Rxd3 cxd3 37. d5 cxd5 38. exd5 Rxd5 39. Rd2 h5 40. Kf2 Rd4 41. Ke3 Rxb4 42. Kxd3 Kg7 43. Re2 Rb3+ 44. Kd4 Rb1 45. Kc5 Kf6 46. Rd2 Ke6 47.
Re2+ Kf5 48. Rd2 g5 49. Rd5+ Kg6 50. Rd6+ f6 51. Rd2 Rb3 52. Re2 g4 53. Rf2 Kg5 54.
Kd4 Rb1 55. Kc5 f5 56. Kd4 b4 57. f4+ Kf6 58. Kc4 Re1 59. Kd3 Ke6 60. Rb2 Rg1 61. Ke3 Re1+ 62. Kf2 Re4 63. Rc2 Kd5 64. Kf1 b3 65.
Rc3 Rb4 66. Rc1 b2 67. Rd1+ Kc4 68. Rb1 Kc3 69. Ke2 Kc2 70. Rf1 b1=Q 71. Rxb1 Rxb1 72. Kf2 Rb3 73. Ke2 Rb4 74. Kf2 Re4 75. Kf1 Kd2 76.
Kf2 Re2+ 77. Kf1 Ke3 78. Kg1 Rc2 79. Kh2 Rc4 80. Kg1 h4 81. Kh2 Rc2 82. gxh4 Kxf4 83. Kh1 Kg3 84. h5 Rc1# 0-1

[Event "Late-Titled-Tuesday-Blitz-June-18-2024"]
[Site "Chess.com"]
[Date "2024.06.18"]
[Round "9"]
[White "OverallStranger"]
[Black "Rsnr"]
[Result "1-0"]
[WhiteElo "2438"]
[BlackElo "2874"]
[TimeControl "180+1"]
[EndTime "15:48:03 PDT"]
[Termination "OverallStranger won on time"]

1. e4 e5 2. Nf3 Nc6 3. d4 exd4 4. Nxd4 Nf6 5. Nxc6 bxc6 6. e5 Qe7 7. Qe2 Nd5 8.
h4 f6 9. c4 Ba6 10. Rh3 fxe5 11. Bg5 Nf6 12. Re3 d6 13. g3 Rb8 14. Bg2 Rb7 15. Bxc6+ Kf7 16. Bd5+ Ke8 17. Bxb7 Bxb7 18. f4 e4 19. Nc3 Kf7 20. Bxf6 gxf6 21. Nxe4 Qd7 22.
Qh5+ Kg7 23. O-O-O Qa4 24. Qg4+ Kf7 25. Qe6+ Kxe6 26.
Nc5+ Kf7 27. Nxa4 Rg8 28. Rde1 f5 29. Nc3 Rg6 30. Nd5 c6 31. Nc3 h5 32. b3 Bc8 33.
Kc2 Bd7 34. Ne2 c5 35. Ng1 Bc6 36. Nh3 Be4+ 37. Kc1 Be7 38. Ng5+ Bxg5 39. hxg5 Rg8 40. R3e2 Kg6 41. Rxe4 fxe4 42. Rxe4 Kf5 43. Re7 Kg4 44. Rxa7 Kxg3 45. Rd7 h4 46. Rxd6 Kxf4 47. Rh6 Kxg5 48. Rh7 Rg6 49. a3 Rh6 50. Rg7+ Kf4 51. Rg1 h3 52. b4 cxb4 53. axb4 h2 54. Rh1 Kg3 55. Kc2 Kg2 56. Ra1 Rf6 57. Kd3 Rf1 58. Ra2+ Rf2 59. Ra1 Rf1 60. Ra2+ Rf2 61. Ra1 Kg3 62. Rh1 Kf4 63.
Kd4 Rd2+ 64. Kc5 Ke5 65. b5 Rb2 66. Kc6 Kd4 67. c5 Rc2 68. Rxh2 Rxh2 69. b6 Rh6+ 70. Kb5 Rh1 71. c6 Rb1+ 72. Ka6 Kd5 73. c7 Rc1 74. b7 Rc6+ 75. Kb5 Rc5+ 76. Kb6 Rc6+ 77. Ka5 Rc5+ 78. Kb4 Rc4+ 79. Kb3 Rxc7 80. b8=Q Rc5 81. Qd8+ Kc6 82. Kb4 Rb5+ 83. Kc4 Rc5+ 84. Kd4 Rb5 85. Qe8+ Kb6 86. Kc4 Rc5+ 87. Kb4 Rd5 88. Qe6+ 1-0

[Event "Late-Titled-Tuesday-Blitz-June-18-2024"]
[Site "Chess.com"]
[Date "2024.06.18"]
[Round "9"]
[White "Legit"]
[Black "TigrVShlyape"]
[Result "0-1"]
[WhiteElo "2784"]
[BlackElo "3011"]
[TimeControl "180+1"]
[EndTime "15:48:19 PDT"]
[Termination "TigrVShlyape won on time"]

1. d4 d5 2. Nf3 c6 3. c4 Nf6 4.
Nc3 a6 5. cxd5 cxd5 6. Bf4 Nc6 7.
e3 Bg4 8. Qb3 Bxf3 9. gxf3 Na5 10. Qa4+ Nc6 11. Rc1 Qb6 12. Bd3 e6 13. Rg1 g6 14. Qc2 Be7 15. Bh6 Nb4 16. Qa4+ Nc6 17.
Qc2 Rc8 18. a3 Nd7 19. Na4 Qc7 20. Bf4 Bd6 21. Bg3 Bxg3 22. hxg3 O-O 23. Nc3 Qd6 24. Qb3 Na5 25. Qb4 Qxb4 26. axb4 Nc4 27. b3 Nd6 28.
Kd2 Rfd8 29. Na4 Kf8 30. Nc5 Ke7 31. g4 h6 32. Rh1 Rh8 33. Ra1 Nb8 34. Be2 Nc6 35.
Nd3 Na7 36. Rh2 Nc6 37. Rah1 h5 38. gxh5 Rxh5 39. Rxh5 gxh5 40. Rxh5 Ra8 41. Rh7 a5 42. bxa5 Rxa5 43. Nc1 Ra1 44. Rh1 Ra8 45. Bd3 Nb4 46.
Kc3 Nxd3 47. Kxd3 Nb5 48. Kc2 Rg8 49. Nd3 Ra8 50. Kb2 Nd6 51. Rc1 Kd8 52. Ne5 Rc8 53. Rxc8+ Kxc8 54. Kc3 Kd8 55. Kb4 b6 56. Nd3 Kc7 57.
Nc1 Kc6 58. Ne2 Nf5 59. Kc3 Nh4 60. Ng1 Nf5 61. f4 Nd6 62. f3 f5 63. Nh3 Nb5+ 64. Kd3 Nc7 65. Ng5 Kd6 66. Nf7+ Ke7 67. Ne5 Nb5 68. Kc2 Nd6 69. Kc3 Kd8 70. Kb4 Kc7 71. Ng6 Kd7 72. Nf8+ Ke7 73. Ng6+ Kd7 74. Ka4 Ke8 75. Ne5 Kd8 76. Kb4 Kc7 77. Kc3 Kd8 78. Kd3 Kc7 79. Ng6 Kd8 80. Nh4 Kd7 81. Ng2 Kc6 82.
Ne1 Kd7 83. Nc2 Kc7 84. Nb4 Kd7 85. Kc3 Nb5+ 86. Kd2 Nd6 87. Nd3 Kc7 88. Kc3 Kd7 89. Kb4 Kc7 90. Nb2 Kd8 91. Kc3 Kc7 92. Kd3 Kc6 93. Na4 Kc7 94. Nc3 Kc6 95. Kd2 Kc7 96.
Ke2 Kc6 97. Kf2 Nb7 98. b4 Nd6 99. Kg3 Nb5 100. Nd1 Na3 101. Kh4 Nc2 102. Kg5 Nxb4 103. Kf6 Kd6 104. Nc3 Nc2 105. e4 Nxd4 0-1

[Event "Late-Titled-Tuesday-Blitz-June-18-2024"]
[Site "Chess.com"]
[Date "2024.06.18"]
[Round "10"]
[White "Connectedcloud"]
[Black "maurovargas01"]
[Result "1-0"]
[WhiteElo "2308"]
[BlackElo "1940"]
[TimeControl "180+1"]
[EndTime "15:50:16 PDT"]
[Termination "Connectedcloud won by checkmate"]

1. e4 d5 2. exd5 Qxd5 3. Nc3 Qa5 4. d4 c6 5. Nf3 Nf6 6. Bc4 Bg4 7. h3 Bh5 8. g4 Bg6 9. Ne5 Be4 10. Bxf7+ Kd8 11. Nc4 Qc7 12. Nxe4 Nxe4 13. Qe2 Nd6 14. Nxd6 exd6 15.
Qe8# 1-0

[Event "Late-Titled-Tuesday-Blitz-June-18-2024"]
[Site "Chess.com"]
[Date "2024.06.18"]
[Round "10"]
[White "Adar_07"]
[Black "chess94cu"]
[Result "0-1"]
[WhiteElo "2793"]
[BlackElo "2646"]
[TimeControl "180+1"]
[EndTime "15:50:28 PDT"]
[Termination "chess94cu won by resignation"]

1. e4 c6 2. d4 d5 3. Nc3 dxe4 4.
Nxe4 Nd7 5. Qe2 Ndf6 6. Nf3 Nxe4 7. Qxe4 Nf6 8. Qh4 Bf5 9. c3 e6 10. Bg5 Be7 11. O-O-O h6 12. Bd3 Bxd3 13. Rxd3 Qd5 14. Re1 O-O-O 15. Bxf6 Bxf6 16. Qf4 Qxa2 17. Ne5 Qa1+ 18. Kd2 Qxb2+ 19. Ke3 Bg5 0-1

[Event "Late-Titled-Tuesday-Blitz-June-18-2024"]
[Site "Chess.com"]
[Date "2024.06.18"]
[Round "10"]
[White "ChessSwole"]
[Black "Barboval"]
[Result "1-0"]
[WhiteElo "2732"]
[BlackElo "2544"]
[TimeControl "180+1"]
[EndTime "15:51:33 PDT"]
[Termination "ChessSwole won by resignation"]

1. e4 Nf6 2. Nc3 d5 3. exd5 Nxd5 4. Nf3 Bg4 5. h3 Bh5 6. d3 e6 7. Nxd5 Qxd5 8. g4 Bg6 9. Bg2 Nc6 10. Nh4 Qa5+ 11.
Bd2 Qb6 12. O-O Be7 13. Nxg6 hxg6 14. Be3 Bc5 15. d4 Nxd4 16. b4 Qxb4 17. c3 Qxc3 18. Rc1 Qb4 19. Rxc5 Qxc5 20. Bxd4 Qd6 21. Bxg7 Qxd1 22.
Rxd1 Rg8 23. Bxb7 1-0

[Event "Late-Titled-Tuesday-Blitz-June-18-2024"]
[Site "Chess.com"]
[Date "2024.06.18"]
[Round "10"]
[White "ploxoi"]
[Black "Beaterawn"]
[Result "0-1"]
[WhiteElo "2482"]
[BlackElo "2385"]
[TimeControl "180+1"]
[EndTime "15:51:38 PDT"]
[Termination "Beaterawn won by resignation"]

1. d4 f5 2. Nf3 Nf6 3. g3 g6 4. Bg2 Bg7 5. O-O O-O 6. c4 c6 7. Nc3 d6 8. Re1 Ne4 9. Qc2 d5 10. Bf4 e6 11. Be5 Nd7 12. Bxg7 Kxg7 13. Rad1 Ndf6 14.
Ne5 Nd7 15. Nxd7 Bxd7 16. f3 Nf6 17. e4 fxe4 18. fxe4 dxc4 19. a4 Ng4 20. Qe2 e5 21. dxe5 Qb6+ 22. Kh1 Nf2+ 23. Kg1 Nxd1+ 0-1